 Dungeon Crawl Stone Soup version 0.24.0-123-gd5b16e6ec5 (webtiles) character file.

Game seed: 14691948914068834425, levelgen mode: deterministic

175 Bergy the Cudgeler (level 5, -1/32 HPs)
             Began as a Gargoyle Fighter on Dec 23, 2019.
             Killed from afar by an orc wizard (7 damage)
             ... with a magic dart
             ... on level 3 of the Dungeon.
             The game lasted 00:07:22 (2885 turns).

Bergy the Cudgeler (Gargoyle Fighter)               Turns: 2885, Time: 00:07:23

Health: -1/32      AC: 10    Str: 20    XL:     5   Next: 55%
Magic:  0/5        EV:  7    Int:  9    God:
Gold:   193        SH:  0    Dex:  9    Spells: 4/4 levels left

rFire    . . .     SeeInvis .   w - +0 whip (vamp)
rCold    . . .     Gourm    .   c - +0 shield
rNeg     + . .     Faith    .   b - +0 scale mail
rPois    ∞         Spirit   +   (no helmet)
rElec    +         Reflect  .   j - scarf {Spirit}
rCorr    +         Harm     .   (no gloves)
MR       .....                  (no boots)
Stlth    ..........             q - amulet of magic regeneration
HPRegen  0.10/turn              y - ring of resist corrosion
MPRegen  0.09/turn              s - ring of resist corrosion

@: confused
A: negative energy resistance 1, electricity resistance, unbreathing,
petrification resistance, rot immunity, AC +4
a: no special abilities


You were on level 3 of the Dungeon.
You were not hungry.

You visited 1 branch of the dungeon, and saw 4 of its levels.

You collected 193 gold pieces.

Inventory:

Hand Weapons
 a - a +0 flail
 w - a +0 vampiric whip (weapon)
Armour
 b - a +0 scale mail (worn)
 c - a +0 shield (worn)
 j - a scarf of spirit shield (worn)
Jewellery
 q - an amulet of magic regeneration (around neck)
 s - a ring of resist corrosion (right hand)
 y - a ring of resist corrosion (left hand)
Scrolls
 e - a scroll of noise {unknown}
 g - 3 scrolls of fear {unknown}
 i - a scroll of amnesia {unknown}
 k - a scroll of enchant armour {unknown}
 l - 3 scrolls of blinking {unknown}
 n - a scroll of identify {unknown}
 p - 2 scrolls of remove curse
 t - a scroll of random uselessness {unknown}
 v - a scroll of teleportation {unknown}
Potions
 d - a potion of might
 h - 2 potions of berserk rage {unknown}
 m - 2 potions of curing {unknown}
 r - a potion of resistance {unknown}
 u - a potion of degeneration {unknown}
 x - a potion of heal wounds {unknown}
 z - a potion of haste {unknown}
Comestibles
 f - 3 rations


   Skills:
 - Level 3.2 Fighting
 * Level 5.6 Maces & Flails
 - Level 3.2 Armour
 - Level 3.2 Shields


You had 4 spell levels left.
You didn't know any spells.
Your spell library contained the following spells:

 Spells                   Type           Power        Failure   Level  Hunger
 Confusing Touch          Hex            #.....       99%         1    ##.....
 Confuse                  Hex            #.......     100%        3    ####...
 Gell's Gravitas          Tloc           #.........   100%        3    ####...
 Petrify                  Tmut/Erth      #.......     100%        4    #####..
 Metabolic Englaciation   Hex/Ice        #.........   100%        5    ######.
 Yara's Violent Unravell  Hex/Tmut       #.........   100%        5    ######.


Dungeon Overview and Level Annotations

Branches:
Dungeon (4/15)
 Temple: D:4-7

Altars:
Elyvilon
Okawaru
Xom


Innate Abilities, Weirdness & Mutations

You are resistant to torment.
Your stone body is resilient. (AC +4)
You are immune to poison.
You resist negative energy. (rN+)
You are resistant to electric shocks. (rElec)
You can survive without breathing.
You are immune to petrification.
You are immune to rotting.


Message History

The orc hits you but does no damage.
You bump into the rock wall.
The orc wizard barely misses you. The orc hits you but does no damage.
Your shield and scale mail prevent you from hitting the orc wizard.
The orc wizard is almost dead.
The orc wizard barely misses you. The orc hits you but does no damage.
You bump into the rock wall.
The orc wizard barely misses you. The orc closely misses you.
You hit the orc wizard.
You feel better.
The orc wizard is almost dead.
The orc wizard hits you but does no damage.
The orc hits you but does no damage.
You miss the orc wizard.
The orc wizard is almost dead.
The orc wizard hits you but does no damage.
The orc hits you but does no damage.
You're too confused to move!
The orc wizard gestures at you while chanting.
The magic dart hits you!
You die...

.#.#####....................#
.#.............###..#####.###
.########.....## #..#####.# .#
##...## #........# .# ##.##
#...###### .# #######.#
###...######### ##
##.....#.####............=####
.###...........#o#...#######.....
......###.#....o@#...# ######
.###..# #.####.###...# #### .#
#..###.####.###...# #... .#
#.................#########.##
.###..########.####............#
....>.# #.# ##############
.###.## #.# ## #.# #.#
#.#########.#


You could see an orc wizard and an orc.

Vanquished Creatures
  Natasha (thrice) (D:2)
  2 adders
  An ooze (D:1)
  A worm (D:3)
  A dart slug (D:2)
  3 leopard geckos (D:1)
  An orc (D:3)
  2 giant cockroaches (D:1)
  6 goblins
  8 hobgoblins
  11 jackals
  5 kobolds
  2 ball pythons
  12 bats
  5 frilled lizards
  7 rats
70 creatures vanquished.

Notes
Turn   | Place    | Note
-------+----------+-------------------------------------------
     0 | D:1      | Bergy the Gargoyle Fighter began the quest for the Orb.
     0 | D:1      | Reached XP level 1. HP: 14/14 MP: 1/1
   138 | D:1      | Reached XP level 2. HP: 19/19 MP: 2/2
   196 | D:1      | Reached skill level 3 in Maces & Flails
   452 | D:1      | Reached XP level 3. HP: 21/23 MP: 3/3
  1040 | D:2      | Noticed Natasha
  1130 | D:2      | Killed Natasha
  1130 | D:2      | Reached skill level 4 in Maces & Flails
  1130 | D:2      | Reached XP level 4. HP: 26/28 MP: 4/4
  1193 | D:2      | Found a shimmering altar of Xom.
  1303 | D:2      | Noticed Natasha
  1316 | D:2      | Killed Natasha
  1445 | D:2      | Reached skill level 5 in Maces & Flails
  1455 | D:2      | Reached XP level 5. HP: 26/32 MP: 5/5
  1582 | D:2      | Noticed Natasha
  1596 | D:2      | Killed Natasha
  1755 | D:2      | You fall into a shaft and drop 1 floor!
  1788 | D:2      | Found a white marble altar of Elyvilon.
  1957 | D:2      | Found a faded altar of an unknown god.
  2347 | D:3      | Found an iron altar of Okawaru.
  2885 | D:3      | Killed from afar by an orc wizard

Levels and vault maps discovered:
D:1:      lemuel_arrival_rhombus, layout_basic
D:2:      layout_rooms, nicolae_overflow_crystal_walls,
          chequers_ecumenical_altar_grove, xom_teletrap_fun, uniq_natasha
D:3:      layout_loops_ring, lemuel_altar_in_water
D:4:      layout_gridville, kennysheep_mini, portal_sewer_entry_d

Skill      XL: |  1  2  3  4 |
---------------+-------------+-----
Maces & Flails | 3 4 5 |  5.6
Fighting       | |  3.2
Armour         | |  3.2
Shields        | |  3.2

Action                   |  1- 3 |  4- 6 || total
-------------------------+-------+-------++-------
Melee: Flail             |   165 |   170 ||   335
       Whip              |       |    31 ||    31
  Use: Scroll            |       |     2 ||     2
  Eat: Chunk             |       |     7 ||     7
Armor: Scale mail        |   124 |   138 ||   262
Dodge: Dodged            |    75 |    84 ||   159
Block: Shield            |   110 |   110 ||   220
